 Dungeon Sprint DCSS version 0.28.0-1-gb440e238dd (webtiles) character file.

Game seed: 3067701058815797063

207 Groucho the Covert (level 5, -2/24 HPs)
             Began as a Spriggan Enchanter on Feb 18, 2022.
             Was a Priest of Dithmenos.
             Slain by a sky beast (5 damage)
             ... in the Dungeon (Sprint VII: "The Pits").
             The game lasted 00:04:07 (1053 turns).

Groucho the Covert (Spriggan Enchanter)             Turns: 1053, Time: 00:04:08

Health: -2/24      AC:  2    Str:  6    XL:     5   Next: 54%
Magic:  4/15       EV: 18    Int: 17    God:    Dithmenos [***...]
Gold:   0          SH:  0    Dex: 15    Spells: 7/18 levels left

rFire   . . .      SeeInvis +   d - +2 dagger
rCold   . . .      Faith    .   (no shield)
rNeg    . . .      Spirit   .   b - +0 robe
rPois   .          Reflect  .   (helmet restricted)
rElec   .          Harm     .   (no cloak)
rCorr   .          Rampage  .   (gloves unavailable)
Will    .....      NoTele   +   (boots unavailable)
Stlth   +++++++...              (no amulet)
HPRegen 0.08/turn               (no ring)
MPRegen 0.14/turn               (no ring)

@: wreathed by umbra, invisible, very quick
A: very small, no large weapons, unfitting armour, see invisible, speed 3
a: Renounce Religion, Shadow Step


You were in the Dungeon.
You worshipped Dithmenos.
Dithmenos was most pleased with you.
You visited 1 branch

Inventory:

Hand Weapons
 d - a +2 dagger (weapon)
Missiles
 k - 15 stones (quivered)
Armour
 b - a +0 robe (worn)
Scrolls
 a - 5 scrolls of amnesia
 i - a scroll of blinking
 j - a scroll of summoning
Potions
 c - 2 potions of invisibility
 e - 5 potions of curing
 f - a potion of haste
 g - 4 potions of magic
 h - 3 potions of berserk rage
 l - 4 potions of heal wounds


   Skills:
 - Level 1.1 Short Blades
 - Level 3.5 Dodging
 * Level 13.1 Stealth
 + Level 7.3 Spellcasting
 + Level 7.8 Hexes


You had 7 spell levels left.
You knew the following spells:

 Your Spells              Type           Power      Damage    Failure   Level
a - Ensorcelled Hibernat  Hex/Ice        38%        N/A       3%          2
b - Confusing Touch       Hex            32%        N/A       1%          3
c - Tukima's Dance        Hex            32%        N/A       1%          3
d - Dazzling Flash        Conj/Hex       38%        N/A       7%          3

Your spell library contained the following spells:

 Spells                   Type           Power      Damage    Failure   Level


Dungeon Overview and Level Annotations

Branches:
Dungeon (1/1)

Altars:
Ashenzari
Cheibriados
Dithmenos
Elyvilon
Fedhas
Gozag
Hepliaklqana
Kikubaaqudgha
Makhleb
Nemelex Xobeh
Okawaru
Qazlal
Ru
Sif Muna
Trog
Uskayaw
Vehumet
Wu Jian
Xom
Yredelemnul
Zin
The Shining One
Beogh
Jiyva
Lugonu


Innate Abilities, Weirdness & Mutations

You are very small and have problems with some larger weapons.
You are too small for most types of armour.
You have supernaturally acute eyesight. (SInv)
You cover ground extremely quickly. (Speed+++)


Message History

The sky beast is moderately wounded.
The sky beast barely misses you. x2
You closely miss the sky beast.
The sky beast is moderately wounded.
The sky beast misses you.
You barely miss the sky beast.
The sky beast is moderately wounded.
The sky beast hits you. The sky beast shocks you. The sky beast misses you.
You are too injured to fight recklessly!
You are too injured to fight recklessly!
You are too injured to fight recklessly!
You are too injured to fight recklessly!
You are too injured to fight recklessly!
Casting: Confusing Touch (safe; 1% risk of failure)
Confirm with . or Enter, or press ? or * to list all spells.
Aiming: Tukima's Dance (safe; 1% risk of failure)
Press: ? - help, Shift-Dir - straight line, f - quokka
Aim: a quokka (umbra, not susceptible)
Okay, then.
Okay, then.
You fade into invisibility!
The sky beast misses you.
You are too injured to fight recklessly!
You are too injured to fight recklessly!
You are too injured to fight recklessly!
You are too injured to fight recklessly!
Unknown command.
You hit the sky beast.
The sky beast is moderately wounded.
The sky beast completely misses you. The sky beast hits you.
The sky beast shocks you.
* * * LOW HITPOINT WARNING * * *
You hit the sky beast but do no damage.
The sky beast is moderately wounded.
The gnoll is no longer moving quickly.
You strike the helpless sky beast from behind!
You impale the sky beast!!
The sky beast is almost dead.
The sky beast barely misses you. The sky beast hits you.
You die...

#_________.#
#_________.#
#_______...#######
##########'##.....
#.?..')))'.##.....
##########.##.....
#..........)'.....
#'#####†#####.....
#@#..#..#..##.....
#Y#..'))#))#####'#
#r#..####))##.....
#g#..#..#))##.....
#g#..#..#[[##.....
#O##'#..#'###...<.
#J#........##.....
#.#........##.....
#'###########.....


You could see a sky beast (fast), an ogre, a gnoll shaman, a gnoll, an endoplasm
and a quokka.

Vanquished Creatures
  A floating eye (D)
  A scorpion (D)
  3 gnolls (D)
  A white imp (D)
  An ufetubus (D)
  2 orcs (D)
  An endoplasm (D)
  2 frilled lizards (D)
  A kobold (D)
13 creatures vanquished.

Notes
Turn   | Place    | Note
-------+----------+-------------------------------------------
     0 | D        | Groucho the Spriggan Enchanter began the quest for the Orb.
     0 | D        | Reached XP level 1. HP: 9/9 MP: 5/5
    49 | D        | Found a bloodstained altar of Trog.
    49 | D        | Found a shimmering blue altar of Sif Muna.
    49 | D        | Found a viscous altar of Jiyva.
    49 | D        | Found a hazy altar of Hepliaklqana.
    49 | D        | Found an opulent altar of Gozag.
    50 | D        | Found a glowing golden altar of the Shining One.
    50 | D        | Found a glowing silver altar of Zin.
    50 | D        | Found a basalt altar of Yredelemnul.
    50 | D        | Found a shimmering altar of Xom.
    50 | D        | Found an ornate altar of the Wu Jian Council.
    50 | D        | Found a sacrificial altar of Ru.
    50 | D        | Found a stormy altar of Qazlal.
    50 | D        | Found an iron altar of Okawaru.
    50 | D        | Found a sparkling altar of Nemelex Xobeh.
    50 | D        | Found a burning altar of Makhleb.
    50 | D        | Found a blossoming altar of Fedhas.
    50 | D        | Found a white marble altar of Elyvilon.
    50 | D        | Found a shadowy altar of Dithmenos.
    50 | D        | Found a snail-covered altar of Cheibriados.
    52 | D        | Found a radiant altar of Vehumet.
    52 | D        | Found a corrupted altar of Lugonu.
    53 | D        | Found a hide-covered altar of Uskayaw.
    53 | D        | Found an ancient bone altar of Kikubaaqudgha.
    53 | D        | Found a broken altar of Ashenzari.
    78 | D        | Became a worshipper of Dithmenos the Shadowed
   100 | D        | Reached skill level 5 in Stealth
   422 | D        | Noticed a floating eye
   423 | D        | Reached * piety under Dithmenos
   424 | D        | Paralysed by a floating eye for 2 turns
   435 | D        | Paralysed by a floating eye for 3 turns
   442 | D        | Paralysed by a floating eye for 4 turns
   447 | D        | Killed a floating eye
   448 | D        | Reached skill level 10 in Stealth
   448 | D        | Reached skill level 5 in Spellcasting
   448 | D        | Reached XP level 2. HP: 13/13 MP: 5/9
   448 | D        | Reached XP level 3. HP: 16/16 MP: 6/11
   448 | D        | Reached XP level 4. HP: 21/21 MP: 6/12
   844 | D        | Noticed a scorpion
   879 | D        | Learned a level 2 spell: Ensorcelled Hibernation
   883 | D        | Learned a level 3 spell: Confusing Touch
   887 | D        | Learned a level 3 spell: Tukima's Dance
   891 | D        | Learned a level 3 spell: Dazzling Flash
   895 | D        | Killed a scorpion
   895 | D        | Reached ** piety under Dithmenos
   896 | D        | Reached skill level 12 in Stealth
   896 | D        | Reached XP level 5. HP: 21/24 MP: 11/15
   995 | D        | Noticed a sky beast
   996 | D        | Noticed an ogre
  1019 | D        | Reached *** piety under Dithmenos
  1043 | D        | Reached skill level 13 in Stealth
  1053 | D        | Slain by a sky beast

Illustrated notes

Levels and vault maps discovered:
D:        pitsprint [storerooms_1, entrance_room_1, metal_vault_6, armoury_2,
          mini_pit_1, grid_room_1, main_hall_1, silver_pit, the_coven_3,
          the_vestibule_1, steel_vault_3, golden_pit, hallway_of_sentries,
          crystal_vault_1, iron_vault_2, final_vault]

Skill      XL: |  1  2  3  4  5 |
---------------+----------------+-----
Dodging        | 3 |  3.5
Hexes          | 6 7 |  7.8
Stealth        | 10 12 13 | 13.1
Spellcasting   | 5 6 7 |  7.3
Short Blades   | |  1.1

Action                   |  1- 3 |  4- 6 || total
-------------------------+-------+-------++-------
Melee: Dagger            |    23 |    49 ||    72
Throw: Stone             |       |     1 ||     1
 Cast: Ensorcelled Hiber |       |     6 ||     6
       Confusing Touch   |       |     4 ||     4
  Use: Potion            |     1 |     3 ||     4
 Stab: Sleeping          |     2 |     2 ||     4
       Confused          |       |     2 ||     2
       Invisible         |       |     1 ||     1
Armor: Robe              |       |     2 ||     2
Dodge: Dodged            |     4 |    56 ||    60
